 Dungeon Crawl Stone Soup version 0.30.1-4-g462c640d31 (webtiles) character file.

Game seed: 16595338370823682207

20708 H0rd4k the Slicer (level 12, -1/88 HPs)
             Began as an Octopode Artificer on Sept 12, 2023.
             Was an Initiate of Gozag.
             Slain by a demonic crawler (8 damage)
             ... on level 2 of the Lair of Beasts.
             The game lasted 00:30:18 (14426 turns).

H0rd4k the Slicer (Octopode Artificer)             Turns: 14426, Time: 00:30:18

Health: -1/88      AC:  1    Str: 27    XL:     12   Next: 82%
Magic:  22/22      EV: 17    Int: 23    God:    Gozag
Gold:   449        SH:  0    Dex: 13    Spells: 13/13 levels left

rFire   . . .        M - +8 short sword of Sloth {heavy, rPois Str+3}
rCold   . . .        (no shield)
rNeg    . . .        (helmet restricted)
rPois   +            y - amulet of regeneration
rElec   +            k - +6 ring of intelligence
rCorr   +            o - +6 ring of strength
SInv    +            A - ring of flight
Will    .....        E - ring "Niuh" {Fly rElec rPois Str+3}
Stlth   ++++         J - ring of see invisible
HPRegen 1.14/turn    P - ring of Gamin {MP+9 Str+3}
MPRegen 0.18/turn    S - ring of resist corrosion
                     U - ring of Inubug {rPois rCorr}

%: no passive effects
@: flying, invisible
A: almost no armour, amphibious, 8 rings, camouflage 1, gelatinous body 1,
nimble swimmer 1, tentacles
a: Renounce Religion, Potion Petition, Call Merchant, Bribe Branch


You were on level 2 of the Lair of Beasts.
You worshipped Gozag.
Gozag was aware of your devotion.
You visited 2 branches of the dungeon, and saw 12 of its levels.
You also visited: Sewer and Ossuary.

You collected 2615 gold pieces.
You spent 1378 gold pieces at shops.
You paid 788 gold pieces to Gozag.

Inventory:

Hand Weapons
 m - a +6 dagger of electrocution
 G - the +6 trident "Reynogamm" {pain, Str+3 Int-4 Stlth+}
   (You found it on level 9 of the Dungeon)

   Str:       It affects your strength (+3).
   Int:       It affects your intelligence (-4).
   Stlth:     It makes you more stealthy.
 H - the +5 rapier of Fate {heavy, Fragile rPois rN+ Dex+4}
   (You found it on level 7 of the Dungeon)

   Dex:       It affects your dexterity (+4).
   rPois:     It protects you from poison.
   rN:        It protects you from negative energy.
   Fragile:   It will be destroyed if unequipped.
 M - the +8 short sword of Sloth (weapon) {heavy, rPois Str+3}
   (You found it on level 1 of the Lair of Beasts)

   Str:       It affects your strength (+3).
   rPois:     It protects you from poison.
Missiles
 h - 23 poisoned darts (quivered)
 L - 2 curare-tipped darts
 N - a throwing net
Jewellery
 k - a +6 ring of intelligence (left tentacle)
 o - a +6 ring of strength (right tentacle)
 y - an amulet of regeneration (around mantle)
 A - a ring of flight (on tentacle)
 E - the ring "Niuh" (on tentacle) {Fly rElec rPois Str+3}
   (You bought it in a shop on level 4 of the Dungeon)

   [ring of flight]

   Str:       It affects your strength (+3).
   rElec:     It insulates you from electricity.
   rPois:     It protects you from poison.
   Fly:       It grants you flight.
 I - the amulet of Agupneklaf {Faith Int+3}
   (You found it on level 7 of the Dungeon)

   [amulet of faith]

   It allows you to gain divine favour quickly.
   Int:       It affects your intelligence (+3).
 J - a ring of see invisible (on tentacle)
 P - the ring of Gamin (on tentacle) {MP+9 Str+3}
   (You bought it in a shop on level 8 of the Dungeon)

   [ring of magical power]

   Str:       It affects your strength (+3).
   MP:        It affects your magic capacity (+9).
 S - a ring of resist corrosion (on tentacle)
 U - the ring of Inubug (on tentacle) {rPois rCorr}
   (You bought it in a shop on level 4 of the Dungeon)

   [ring of resist corrosion]

   rPois:     It protects you from poison.
   rCorr:     It protects you from acid and corrosion.
Wands
 b - a wand of light (11)
 c - a wand of charming (8)
 D - a wand of flame (2)
 K - a wand of digging (6)
 O - a wand of iceblast (2)
 R - a wand of mindburst (10)
Scrolls
 e - 6 scrolls of enchant armour
 f - 2 scrolls of magic mapping
 q - 3 scrolls of vulnerability
 s - 2 scrolls of butterflies
 t - 3 scrolls of teleportation
 w - a scroll of brand weapon
 z - a scroll of fear
 C - a scroll of fog
 F - 4 scrolls of immolation
 Q - a scroll of amnesia
Potions
 a - 2 potions of flight
 d - a potion of degeneration
 g - 3 potions of lignification
 i - 4 potions of brilliance
 j - 5 potions of attraction
 l - 6 potions of curing
 n - a potion of cancellation {unknown}
 p - a potion of invisibility
 r - 3 potions of might
 u - 4 potions of haste {unknown}
 v - 6 potions of mutation
 x - a potion of berserk rage {unknown}
 B - a potion of heal wounds {unknown}
Miscellaneous
 T - a lightning rod (4/4)


   Skills:
 - Level 10.4 Fighting
 - Level 12.1 Short Blades
 + Level 0.8 Maces & Flails
 - Level 1.3 Throwing
 - Level 10.6 Dodging
 - Level 1.3 Stealth
 + Level 3.5 Unarmed Combat
 * Level 1.2 Spellcasting
 + Level 0.2 Transmutations
 - Level 9.4 Evocations


You had 13 spell levels left.
You didn't know any spells.
Your spell library contained the following spells:

 Spells                   Type           Power      Damage    Failure   Level
 Freeze                   Ice            4%         1d3       14%         1
 Frozen Ramparts          Ice            2%         1d1       38%         3
 Hailstorm                Conj/Ice       1%         3d3       38%         3
 Ozocubu's Armour         Ice            1%         N/A       38%         3
 Stone Arrow              Conj/Erth      2%         3d7       38%         3
 Leda's Liquefaction      Hex/Erth       0%         N/A       80%         4
 Lee's Rapid Deconstruct  Erth           0%         3d4*      98%         5
 Statue Form              Tmut/Erth      1%         N/A       100%        6
 Ozocubu's Refrigeration  Ice            0%         4d7       100%        7
 Lehudib's Crystal Spear  Conj/Erth      0%         10d2      100%        8
 Animate Armour           Summ/Erth      Unusable   N/A       N/A         4

Dungeon Overview and Level Annotations

Branches:
Dungeon (10/15)            Temple (0/1) D:7            Lair (2/5) D:8
  Sewer (visited)         Ossuary (visited)
  Swamp: Lair:2-3    Shoals: Lair:2-3     Snake: Lair:2-3    Spider: Lair:2-3
    Orc: D:9-12

Altars:
Ashenzari
Cheibriados
Dithmenos
Fedhas
Gozag
Hepliaklqana
Kikubaaqudgha
Makhleb
Nemelex Xobeh
Okawaru
Qazlal
Ru
Trog
Uskayaw
Yredelemnul
The Shining One

Shops:
D:4 =   D:8 ==   D:10 (

Portals:
Abyss: D:9

Annotations:
D:1 1 transporter
D:7 exclusion: upstairs, Maggie
D:8 3 runed translucent doors, exclusions: 3 doors and 2 downstairs, glosham's ghost, novice DsRe
D:9 2 transporters, Almogavar's ghost, journeyman GnWn
Lair:2 exclusion: orange demon


Innate Abilities, Weirdness & Mutations

You cannot wear most types of armour.
You are amphibious.
You can wear up to eight rings at the same time.
Your skin changes colour to match your surroundings (Stealth+).
Your rubbery body absorbs attacks. (AC +1, EV +1)
You are camouflaged when in or above water. (Stealth+)
You have tentacles for arms and can constrict up to eight enemies at once.


Message History

The plant is lightly damaged.
You constrict the plant.
Something bites the plant!!
The plant begins to die.
You puncture the plant! You tentacle-slap the plant. You squeeze the plant.
The plant is moderately damaged.
You constrict the plant.
Something bites the plant!
You hear a hideous shriek!
You puncture the plant!
The plant is moderately damaged.
You constrict the plant.
A nearby plant withers and dies.
You lose your grip on the plant.
A swamp worm comes into view.
The demonic crawler gives a hideous shriek!
Something hits the plant.
Something hits the plant! x2
The swamp worm bites the plant.
Something hits the plant.
Something hits the plant!
Something hits the plant.
A nearby plant withers and dies.
The swamp worm fires a harpoon shot at you.
The harpoon shot hits you!
You are yanked forward by the harpoon shot.
The demonic crawler completely misses you.
The demonic crawler hits you! The demonic crawler hits you!!
Found a twitching lead ring.
The swamp worm attacks as you move away!
The swamp worm closely misses you.
The swamp worm fires a harpoon shot at you.
The harpoon shot misses you.
Aiming: Charm
Press: ? - help, Shift-Dir - straight line, f - demonic crawler
Aim: a demonic crawler (chance to affect: 36%)
The demonic crawler easily resists.
The demonic crawler closely misses you. The demonic crawler hits you.
The demonic crawler closely misses you. The demonic crawler barely misses you.
The demonic crawler hits you! x2
* * * LOW HITPOINT WARNING * * *
Okay, then.
You fade into invisibility!
The demonic crawler hits you!
* * * LOW HITPOINT WARNING * * *
The demonic crawler hits you!
You die...
Your body crumbles into a pile of gold.

#...## #.... #...#
#...#### ## #...
##....#P###.#
##...##..>.......#
#P...##...~~~~~..#
#...###.~~~~~~~.## .
###...##..~≈@PP≈~.~#
..#.#...##~~~##s##~~#~
..........~~~#=w~# ~
#...........~≈##~~~#
.#....#...##~~#~~~~~
.....#.....#~≈##~~~##
#...##....##~~~#~~~#
#.....#...##~~~##~##~
#..###....###.~≈###~~


You could see a demonic crawler and a swamp worm (unable to see you).

Vanquished Creatures
  3 two-headed ogres
  A lindwurm (Lair:1)
  Pikel (D:5)
  A black mamba (Lair:1)
  2 cane toads
  A rime drake (Lair:2)
  3 komodo dragons
  An unseen horror (D:10)
  3 trolls
  3 polar bears (Lair:2)
  13 blink frogs
  Prince Ribbit (D:5)
  A hornet (D:8)
  Sigmund (D:2)
  2 basilisks
  23 yaks
  2 wyverns
  2 steam dragons
  Edmund (D:5)
  4 water moccasins
  An ice beast (D:7)
  3 orc warriors
  7 black bears
  An ogre (D:5)
  16 wolves
  A centaur (D:6)
  A lemure (D:5)
  2 phantoms
  4 kobold brigands (D:9)
  Blork the orc (D:6)
  8 bullfrogs
  3 scorpions
  2 wyvern zombies (Ossuary)
  A water moccasin zombie (Ossuary)
  11 wights
  Dowan (D:6)
  3 electric eels (D:8)
  4 howler monkeys
  4 centaur zombies (Ossuary)
  8 bullfrog zombies (Ossuary)
  7 hounds
  4 jellies
  5 orc priests
  2 gnoll boudas
  3 iguanas
  9 mummies (Ossuary)
  3 sleepcaps
  Jessica (D:2)
  5 orc wizards
  5 killer bee zombies (Ossuary)
  2 howler monkey zombies (Ossuary)
  7 gnolls
  12 adders
  5 river rats (Sewer)
  2 shadow imps
  4 white imps
  An ufetubus (D:8)
  3 worms (D:2)
  4 dart slugs
  21 orcs
  4 endoplasms
  A giant cockroach (D:3)
  6 goblins
  5 hobgoblins
  23 kobolds
  3 quokkas
  5 ball pythons
  3 bats
  4 frilled lizards
  20 rats
330 creatures vanquished.

Vanquished Creatures (collateral kills)
  A blink frog (Lair:2)
  Duvessa (D:6)
  An orc warrior (D:8)
  A black bear (Lair:2)
  A scorpion (D:5)
  A wight (D:7)
  8 orcs
  3 ball pythons (Sewer)
17 creatures vanquished.

Vanquished Creatures (others)
  2 orcs (D:4)
2 creatures vanquished.

Grand Total: 349 creatures vanquished

Notes
Turn   | Place    | Note
-------+----------+-------------------------------------------
     0 | D:1      | H0rd4k the Octopode Artificer began the quest for the Orb.
     0 | D:1      | Reached XP level 1. HP: 13/13 MP: 1/1
   264 | D:1      | Reached XP level 2. HP: 18/18 MP: 2/2
   852 | D:2      | Reached XP level 3. HP: 18/23 MP: 3/3
  1070 | D:2      | Noticed Sigmund
  1079 | D:2      | Killed Sigmund
  1080 | D:2      | Reached skill level 1 in Unarmed Combat
  1080 | D:2      | Reached skill level 5 in Evocations
  1080 | D:2      | Reached XP level 4. HP: 11/28 MP: 4/4
  1080 | D:2      | Reached XP level 5. HP: 13/33 MP: 5/5
  1182 | D:2      | Noticed Jessica
  1192 | D:2      | Killed Jessica
  1193 | D:2      | Reached XP level 6. HP: 17/38 MP: 6/6
  1949 | D:3      | Found an iron altar of Okawaru.
  2566 | D:4      | Found Kuyzad's Jewellery Shoppe.
  2598 | D:4      | Found a basalt altar of Yredelemnul.
  2724 | D:4      | Reached XP level 7. HP: 34/45 MP: 7/7
  2771 | D:4      | Found a glowing drain.
  2783 | Sewer    | Entered a sewer
  2980 | Sewer    | Reached skill level 1 in Short Blades
  3429 | D:4      | Reached skill level 2 in Short Blades
  3514 | D:4      | Found a broken altar of Ashenzari.
  3597 | D:4      | Found a stormy altar of Qazlal.
  3649 | D:4      | Noticed a steam dragon
  3748 | D:4      | Killed a steam dragon
  3749 | D:4      | Reached XP level 8. HP: 51/51 MP: 8/8
  4035 | D:4      | Found a sacrificial altar of Ru.
  4140 | D:5      | Entered Level 5 of the Dungeon
  4140 | D:5      | Found a hide-covered altar of Uskayaw.
  4163 | D:5      | Found a blossoming altar of Fedhas.
  4181 | D:5      | Reached skill level 3 in Short Blades
  4218 | D:5      | Noticed Prince Ribbit
  4228 | D:5      | Killed Prince Ribbit
  4229 | D:5      | Reached skill level 5 in Dodging
  4244 | D:5      | Noticed Edmund
  4523 | D:5      | Reached skill level 4 in Short Blades
  4800 | D:5      | Noticed Pikel
  4882 | D:5      | Killed Edmund
  4895 | D:5      | Killed Pikel
  4896 | D:5      | Reached skill level 5 in Short Blades
  4896 | D:5      | Reached XP level 9. HP: 36/58 MP: 9/9
  5161 | D:5      | Reached skill level 6 in Short Blades
  5485 | D:6      | Found an opulent altar of Gozag.
  5493 | D:6      | Became a worshipper of Gozag Ym Sagoz the Greedy
  5496 | D:6      | Noticed a troll
  5583 | D:6      | Noticed Blork the orc
  5586 | D:6      | Killed Blork the orc
  5594 | D:6      | Found a burning altar of Makhleb.
  5615 | D:6      | Found a sand-covered staircase.
  5628 | Ossuary  | Entered an ossuary
  5902 | Ossuary  | Reached skill level 7 in Short Blades
  6007 | Ossuary  | Reached skill level 5 in Fighting
  6330 | Ossuary  | Reached XP level 10. HP: 66/66 MP: 10/10
  6510 | D:6      | Noticed Dowan
  6510 | D:6      | Noticed Duvessa
  6526 | D:6      | Killed Duvessa
  6738 | D:6      | Killed Dowan
  6785 | D:6      | Reached skill level 8 in Short Blades
  6938 | D:4      | Bought the ring "Niuh" {Fly rElec rPois Str+3} for 420 gold
                  | pieces
  7190 | D:7      | Found a shadowy altar of Dithmenos.
  7272 | D:7      | Noticed Maggie
  7391 | D:7      | Found a staircase to the Ecumenical Temple.
  7460 | D:7      | Found a snail-covered altar of Cheibriados.
  7875 | D:7      | Identified the +5 rapier of Fate {heavy, Fragile rPois rN+
                  | Dex+4}
  8088 | D:7      | Identified the amulet of Agupneklaf {Faith Int+3}
  8443 | D:8      | Found Xoss's Jewellery Shop.
  8446 | D:8      | Bought a ring of see invisible for 180 gold pieces
  8544 | D:8      | Found a staircase to the Lair.
  8596 | D:8      | Reached skill level 9 in Short Blades
  8816 | D:8      | Noticed a two-headed ogre
  8952 | D:8      | Killed a two-headed ogre
  9130 | D:8      | Reached XP level 11. HP: 74/74 MP: 11/11
  9139 | D:8      | Found a runed translucent gate.
  9139 | D:8      | Found a runed translucent gate.
  9245 | D:8      | Found a runed translucent gate.
  9246 | D:8      | Noticed glosham's ghost (novice DsRe)
  9581 | D:9      | Noticed a two-headed ogre
  9583 | D:9      | Identified the +6 trident "Reynogamm" {pain, Str+3 Int-4
                  | Stlth+}
  9658 | D:9      | Found a transporter.
  9699 | D:9      | Noticed a skeletal warrior
  9699 | D:9      | Noticed a hell hog
  9699 | D:9      | Noticed a worldbinder
  9789 | D:9      | Reached skill level 10 in Short Blades
 10060 | D:9      | Killed a two-headed ogre
 10085 | D:9      | HP: 2/75 [yak (8)]
 10307 | D:9      | Noticed Almogavar's ghost (journeyman GnWn)
 10314 | D:9      | Found a transporter.
 10613 | D:9      | Found a one-way gate to the infinite horrors of the Abyss.
 10940 | D:10     | Entered Level 10 of the Dungeon
 10940 | D:10     | Found a sparkling altar of Nemelex Xobeh.
 11093 | D:10     | Noticed a two-headed ogre
 11100 | D:10     | Killed a two-headed ogre
 11620 | D:10     | Found a glowing golden altar of the Shining One.
 11620 | D:10     | Found a hazy altar of Hepliaklqana.
 11773 | D:10     | Found an ancient bone altar of Kikubaaqudgha.
 11856 | D:10     | Reached skill level 11 in Short Blades
 11974 | D:10     | Found a bloodstained altar of Trog.
 12108 | D:10     | Found Riskeb's Weapon Shop.
 12229 | D:8      | Bought the ring of Gamin {MP+9 Str+3} for 466 gold pieces
 12355 | Lair:1   | Entered Level 1 of the Lair of Beasts
 12472 | Lair:1   | Reached XP level 12. HP: 26/84 MP: 12/12
 12782 | Lair:1   | Reached skill level 10 in Dodging
 12857 | Lair:1   | Identified the +8 short sword of Sloth {heavy, rPois Str+3}
 13102 | Lair:1   | Reached skill level 10 in Fighting
 13685 | D:4      | Bought the ring of Inubug {rPois rCorr} for 312 gold pieces
 13918 | Lair:2   | Reached skill level 12 in Short Blades
 14020 | Lair:2   | Reached skill level 1 in Throwing
 14363 | Lair:2   | Reached skill level 1 in Spellcasting
 14426 | Lair:2   | Slain by a demonic crawler

Illustrated notes

Levels and vault maps discovered:
D:1:      spicycebolla_arrival_risky_transporter, layout_basic
D:2:      layout_loops_corners, nicolae_wormholes, uniq_sigmund, uniq_jessica
D:3:      layout_rooms, okawaru_trees_1, supply_closet_lemuel
D:4:      layout_loops_cross, nicolae_ru_path_of_blood,
          mainiacjoe_overflow_paths, mainiacjoe_overflow_large_starburst,
          portal_sewer_entry_d, serial_shops, nicolae_shop_tiny_statue_garden
D:5:      layout_basic, nicolae_overflow_crystal_walls,
          mainiacjoe_overflow_cross_hatched, corexii_checkpoint_b,
          nicolae_concentric_dashed_squares_mild, dreamdust_princess_bridge,
          uniq_pikel, uniq_edmund, uniq_prince_ribbit1
D:6:      layout_loops_ring, nicolae_gozag_cash_rules_everything_around_me,
          lemuel_round_altar, nicolae_ossuary_entry_ruins, uniq_duvessa,
          uniq_blork_the_orc
D:7:      layout_gridville, kennysheep_slug_shrine,
          nicolae_dithmenos_shadow_blocks, minmay_temple_entry_hall,
          kennysheep_windowed_goal, uniq_maggie
D:8:      layout_gridville, erik_lair_island, gammafunk_ghost_spectres,
          serial_shops, nicolae_stop_n_shop_2, serial_demonic, serial_demonic_e,
          serial_demonic_g, serial_demonic_g, serial_demonic_e
D:9:      layout_cross, gammafunk_ghost_abyssal_escape
D:10:     layout_basic, kennysheep_little_box, mainiacjoe_overflow_tiny_flanked,
          marbit_many_paths, gammafunk_temple_overflow_pools, serial_shops,
          nicolae_shop_bloodbath_and_beyond
Lair:1:   layout_cave_pods, nicolae_lair_lindhole, grunt_megastairs_1,
          serial_bayou_shore_b
Lair:2:   beast_lair_carwin_large_3, layout_concentric_octagons,
          spider_nest_entry_a, worms_lemuel, uniq_amaemon

Skill      XL: |  1  2  3  4  5  6  7  8  9 10 11 12 |
---------------+-------------------------------------+-----
Evocations     | 4 5 6 7 8 9 |  9.4
Dodging        | 3 4 5 6 7 9 10 | 10.6
Unarmed Combat | 1 2 3 |  3.5
Fighting       | 2 4 5 6 8 10 | 10.4
Short Blades   | 2 5 7 9 11 12 | 12.1
Throwing       | 1 |  1.3
Spellcasting   | 1 |  1.2
Maces & Flails | |  0.8
Stealth        | |  1.3
Transmutations | |  0.2

Action                     |  1- 3 |  4- 6 |  7- 9 | 10-12 || total
---------------------------+-------+-------+-------+-------++-------
  Melee: Unarmed           |    57 |     6 |       |       ||    63
         Constrict         |    15 |    12 |    47 |    98 ||   172
         Tentacles         |    15 |    12 |    70 |   183 ||   280
         Dagger            |       |    40 |   227 |   532 ||   799
         Punch             |       |     1 |     7 |    33 ||    41
         Short sword       |       |       |       |   102 ||   102
  Throw: Dart              |       |       |       |     7 ||     7
 Invoke: Call Merchant     |       |       |       |     1 ||     1
  Evoke: Wand              |    11 |     6 |    22 |    21 ||    60
    Use: Scroll            |       |       |    10 |    16 ||    26
         Potion            |       |       |       |     3 ||     3
   Stab: Sleeping          |     4 |     2 |    11 |     4 ||    21
         Distracted        |       |       |     2 |     5 ||     7
         Invisible         |       |       |       |     2 ||     2
 Armour: Skin              |     2 |     1 |    11 |    12 ||    26
  Dodge: Dodged            |    40 |    15 |   140 |   317 ||   512
